 Dungeon Crawl Stone Soup version 0.25-a0-265-g7af84ae0ac (webtiles) character file.

Game seed: 16145025556225264316, levelgen mode: deterministic

108521 Gargoyl the Cleaver (level 16, -6/135 HPs)
             Began as a Centaur Abyssal Knight on Dec 6, 2019.
             Was an Elder of Lugonu.
             Mangled by cosh's ghost (28 damage)
             ... on level 2 of the Swamp on Dec 8, 2019.
             The game lasted 00:55:22 (26711 turns).

Gargoyl the Cleaver (Centaur Abyssal Knight)       Turns: 26711, Time: 00:55:23

Health: -6/135     AC: 31    Str: 20    XL:     16   Next: 2%
Magic:  0/25       EV:  6    Int: 11    God:    Lugonu [****..]
Gold:   1057       SH: 11    Dex: 16    Spells: 15/15 levels left

rFire    + + .     SeeInvis .   e - +11 hand axe "Liasur" {vamp, Str-3 Dex+4}
rCold    + . .     Gourm    .   w - +0 shield
rNeg     . . .     Faith    .   v - +4 plate armour
rPois    +         Spirit   .   d - +2 helmet
rElec    .         Reflect  .   R - +0 cloak of Opsoheg {rCorr Str+4}
rCorr    +         Harm     .   (no gloves)
MR       ++...                  L - +3 centaur barding {rC+}
Stlth    ..........             t - amulet of regeneration
HPRegen  0.72/turn              K - ring of poison resistance
MPRegen  0.19/turn              F - ring of protection from fire

@: lightly drained, very quick
A: large, hooves 3, blink, deformed body, fire resistance 1, speed 2, magic
resistance 1, tough skin 3
a: Blink, Depart the Abyss, Bend Space, Banish, Corrupt, Renounce Religion


You were on level 2 of the Swamp.
You worshipped Lugonu.
Lugonu was greatly pleased with you.
You were not hungry.

You visited 4 branches of the dungeon, and saw 25 of its levels.
You visited the Abyss 3 times.
You also visited: Sewer and Bailey.

You collected 2604 gold pieces.
You spent 1547 gold pieces at shops.

Inventory:

Hand Weapons
 e - the +11 hand axe "Liasur" (weapon) {vamp, Str-3 Dex+4}
   (You found it on level 5 of the Dungeon)

   It inflicts no extra harm, but heals its wielder when it wounds a living foe.
   It affects your strength (-3).
   It affects your dexterity (+4).
 U - a +4 broad axe
Missiles
 x - 109 boomerangs (quivered)
Armour
 d - a +2 helmet (worn)
 v - a +4 plate armour (worn)
 w - a +0 shield (worn)
 L - a +3 centaur barding of cold resistance (worn)
 M - a scarf of repulsion
 R - the +0 cloak of Opsoheg (worn) {rCorr Str+4}
   (You found it on level 10 of the Dungeon)

   It affects your strength (+4).
   It provides partial protection from all sources of acid and corrosion.
Jewellery
 a - an uncursed ring of protection from cold
 f - an uncursed ring of protection from fire
 t - an amulet of regeneration (around neck)
 z - an uncursed ring of flight
 F - a ring of protection from fire (right hand)
 K - a ring of poison resistance (left hand)
 T - an uncursed ring of see invisible
Wands
 l - a wand of paralysis (11)
 y - a wand of acid (10)
 B - a wand of disintegration (11)
 C - a wand of digging (14)
 D - a wand of flame (72)
 J - a wand of polymorph (14)
 N - a wand of iceblast (32)
 W - a wand of random effects (14)
Scrolls
 b - 2 scrolls of silence
 g - a scroll of identify
 h - 10 scrolls of remove curse
 n - 6 scrolls of teleportation
 A - 3 scrolls of fog
 O - 2 scrolls of fear
 P - 2 scrolls of magic mapping
 Q - a scroll of holy word
Potions
 i - a potion of brilliance
 j - a potion of haste
 k - 5 potions of might
 m - 4 potions of mutation
 o - 4 potions of flight
 p - a potion of ambrosia
 q - 6 potions of invisibility
 r - 3 potions of heal wounds
 s - 4 potions of lignification
 u - 9 potions of curing
 E - a potion of resistance
 G - 2 potions of cancellation
 H - 9 potions of magic {unknown}
 I - 6 potions of degeneration {unknown}
 S - a potion of experience {unknown}
Comestibles
 c - 38 rations


   Skills:
 + Level 10.3 Fighting
 + Level 13.1 Axes
 + Level 1.0 Throwing
 * Level 11.5(11.4) Armour
 * Level 9.2(9.1) Dodging
 + Level 6.4(6.3) Shields
 * Level 13.0(12.9) Invocations


You had 15 spell levels left.
You didn't know any spells.
Your spell library contained the following spells:

 Spells                   Type           Power        Failure   Level  Hunger
 Beastly Appendage        Tmut           #.....       100%        1    ##.....
 Corona                   Hex            #......      100%        1    ##.....
 Freeze                   Ice            #...         100%        1    ##.....
 Magic Dart               Conj           #...         100%        1    ##.....
 Sting                    Tmut/Pois      #...         100%        1    ##.....
 Ensorcelled Hibernation  Hex/Ice        #.....       100%        2    ###....
 Searing Ray              Conj           #.....       100%        2    ###....
 Slow                     Hex            #.......     100%        2    ###....
 Sticks to Snakes         Tmut           #.......     100%        2    ###....
 Confuse                  Hex            #.......     100%        3    ####...
 Dazzling Flash           Conj/Hex       #.....       100%        3    ####...
 Ignite Poison            Fire/Tmut/Pois #.......     100%        3    ####...
 Inner Flame              Hex/Fire       #.......     100%        3    ####...
 Mephitic Cloud           Conj/Pois/Air  #.......     100%        3    ####...
 Ozocubu's Armour         Chrm/Ice       #.......     100%        3    ####...
 Portal Projectile        Hex/Tloc       #.....       100%        3    ####...
 Spider Form              Tmut/Pois      #.........   100%        3    ####...
 Teleport Other           Tloc           #.......     100%        3    ####...
 Tukima's Dance           Hex            #.......     100%        3    ####...
 Cause Fear               Hex            #.........   100%        4    #####..
 Fulminant Prism          Conj/Hex       #.........   100%        4    #####..
 Hailstorm                Conj/Ice       #.......     100%        4    #####..
 Ice Form                 Ice/Tmut       #.......     100%        4    #####..
 Iskenderun's Mystic Bla  Conj/Tloc      #.......     100%        4    #####..
 Leda's Liquefaction      Hex/Erth       #.........   100%        4    #####..
 Summon Ice Beast         Ice/Summ       #.......     100%        4    #####..
 Blade Hands              Tmut           #.........   100%        5    ######.
 Eringya's Noxious Bog    Tmut/Pois      #.........   100%        6    #######


Dungeon Overview and Level Annotations

Branches:
Dungeon (15/15)            Temple (0/1) D:5            Lair (6/6) D:9
  Swamp (2/4) Lair:4       Spider (0/4) Lair:4        Slime (0/5) Lair:6
    Orc (2/2) D:10            Elf (0/3) Orc:2        Vaults (0/5) D:14
 Depths (0/5) D:15          Sewer (visited)          Bailey (visited)

Altars:
Fedhas
Hepliaklqana
Kikubaaqudgha
Makhleb
Qazlal
Ru
Trog
Xom
Zin
The Shining One
Beogh

Shops:
D:6 *   D:7 =   D:8 %   D:11 =   D:15 (%=   Orc:1 ?   Orc:2 (**[

Annotations:
Swamp:2 cosh's ghost, adept TrMo


Innate Abilities, Weirdness & Mutations

You have hooves in place of feet.
Armour fits poorly on your strangely shaped body.
You cover ground very quickly.
You have extremely tough skin. (AC +3)
You can translocate small distances at will.
Your flesh is heat resistant. (rF+)
You are resistant to hostile enchantments. (MR+)


Message History

Cosh's ghost says, "The earth shall destroy you!"
You block cosh's ghost's attack.
Cosh's ghost hits you but does no damage.
There is a stone staircase leading up here.
You enter the shallow water.
Moving in this stuff is going to be slow.
Cosh's ghost hits you!!
* * * LOW HITPOINT WARNING * * *
Cosh's ghost whispers, "They're coming for you..."
Press: ? - help, Shift-Dir - straight line, f/p - cosh's ghost
Aim: cosh's ghost (chance to defeat MR: 18%) Cosh's ghost resists with almost no effort.
You feel somewhat more hungry.
Unknown command.
You feel better. You block cosh's ghost's attack.
Press: ? - help, Shift-Dir - straight line, f/p - cosh's ghost
Aim: cosh's ghost (chance to defeat MR: 18%) Cosh's ghost resists with almost no effort.
You feel quite a bit more hungry. Cosh's ghost hits you!!
You die...

♣♣≈♣♣♣♣≈.≈♣♣ ♣♣♣♣≈♣♣ ♣♣.†≈≈.♣
♣..♣♣♣.≈≈≈.♣♣♣..≈≈♣♣♣♣♣♣
♣..†♣♣♣
♣..≈♣♣.≈≈≈.≈>≈≈.≈..≈♣..♣ ♣≈≈≈♣
♣♣♣♣♣♣≈≈≈≈≈>[....≈♣≈≈≈≈♣♣♣≈≈.♣
..≈≈♣♣≈....≈≈......≈≈≈..≈♣...♣
...♣♣♣♣♣..≈♣..♣....≈≈≈...♣♣♣♣♣
≈≈≈.♣ ♣≈≈≈≈≈.≈♣.≈....≈♣♣♣
≈≈≈.♣♣♣♣♣.≈≈≈.♣.≈.§.♣♣♣♣
≈..§.≈≈...≈≈<♣♣♣@≈.♣♣
...♣.≈≈.♣♣§.≈♣.W.≈..♣
......≈..♣♣≈≈...≈..♣#####
♣♣≈≈≈.≈≈♣♣♣♣...≈...##.♣≈##
♣.≈≈...)♣ ♣♣..≈...=#.=!.≈#
♣≈.≈.♣♣♣♣ ♣≈.≈...≈.'.....♣
....≈♣ ♣♣...♣≈.≈.'..)..≈
≈≈≈♣♣♣♣♣♣♣..≈......'.....≈
≈.≈♣♣.≈.♣♣♣..≈♣≈.≈.#..?.=#


You could see cosh's ghost.

Vanquished Creatures
  Louise (D:14)
  An ettin (Orc:1)
  Josephine (D:14)
  8 vault guards (D:14)
  A ghost crab (Swamp:2)
  A shambling mangrove (Swamp:2)
  An alligator (Swamp:2)
  A merfolk avatar (Lair:6)
  10 death yaks
  A tengu warrior (D:15)
  4 centaur warriors (D:13)
  8 two-headed ogres
  4 orc high priests
  Sonja (D:11)
  3 skeletal warriors (D:14)
  A fire crab (Lair:5)
  An unseen horror (D:13)
  A sea snake (Lair:5)
  A spriggan druid (Swamp:2)
  A swamp dragon (Swamp:2)
  A glowing orange brain (D:15)
  11 orc knights
  2 harpies
  A shining eye (shapeshifter) (D:15)
  A cyclops (D:14)
  2 deep elf magi (D:15)
  8 ugly things
  6 orc sorcerers
  2 manticores
  6 elephants
  3 black mambas
  2 gargoyles (D:13)
  8 centaur skeletons
  14 spiny frogs
  A kobold demonologist (D:13)
  3 rime drakes
  An efreet (D:15)
  3 yaktaurs (D:15)
  A komodo dragon (shapeshifter) (D:14)
  14 komodo dragons
  8 polar bears
  12 trolls
  11 hornets
  Prince Ribbit (D:6)
  2 tyrant leeches (Swamp:2)
  A wind drake (Lair:6)
  A hornet (shapeshifter) (D:15)
  2 bog bodies
  8 blink frogs
  A raiju (shapeshifter) (D:15)
  4 slime creatures (D:15)
  6 dream sheep (Lair:4)
  7 hippogriffs
  A tarantella (shapeshifter) (D:15)
  5 spriggans
  A shadow (Swamp:2)
  30 yaks
  2 redbacks (Lair:4)
  4 wyverns
  5 wraiths (D:14)
  A redback simulacrum (D:14)
  A hungry ghost (D:11)
  2 basilisks
  20 vampire mosquitoes
  A soldier ant (shapeshifter) (D:15)
  A warg (Orc:2)
  An acid dragon (D:13)
  A large abomination (Abyss:1)
  2 soldier ants (D:15)
  9 swamp worms
  6 porcupines
  15 water moccasins
  A swamp drake (Swamp:1)
  2 necrophages
  43 orc warriors
  4 sky beasts
  3 eyes of draining
  3 ice beasts
  3 phantoms
  8 ogres
  8 centaurs
  12 wolves
  15 crocodiles
  2 big kobolds
  14 bullfrogs
  A gnoll sergeant (D:11)
  5 scorpions
  A wyvern skeleton (D:10)
  9 killer bees
  A water moccasin skeleton (D:8)
  10 wights
  An electric eel (Lair:2)
  3 howler monkeys
  11 crimson imps
  5 jellies
  5 centaur zombies
  2 quasits
  3 bullfrog zombies
  7 hounds
  19 orc priests
  A bullfrog skeleton (D:7)
  A gnoll shaman (D:5)
  22 orc wizards
  Jessica (D:2)
  4 iguanas
  11 worker ants
  A killer bee zombie (D:7)
  27 gnolls
  2 worker ant zombies
  13 adders
  3 river rats (Sewer)
  5 shadow imps
  5 oozes (D:10)
  An adder skeleton (D:9)
  4 worms
  5 dart slugs
  6 leopard geckos
  109 orcs
  5 bats
  3 giant cockroaches
  7 goblins
  9 hobgoblins
  8 jackals
  31 kobolds
  2 quokkas
  2 ball pythons
  A frilled lizard (D:2)
  2 leopard gecko skeletons
  9 rats
  2 fungi (Lair:6)
  2 plants
818 creatures vanquished.

Vanquished Creatures (collateral kills)
  A crocodile (Lair:3)
1 creature vanquished.

Vanquished Creatures (others)
  5 hydras
  A shock serpent (shapeshifter) (D:9)
  A thrashing horror (Abyss:1)
  An oklob plant (Lair:6)
  A komodo dragon (Lair:1)
  An orc warrior (D:9)
  2 fungi (Lair:5)
  9 plants
21 creatures vanquished.

Grand Total: 840 creatures vanquished

Notes
Turn   | Place    | Note
-------+----------+-------------------------------------------
     0 | Abyss:1  | Gargoyl the Centaur Abyssal Knight began the quest for the
                  | Orb.
     0 | Abyss:1  | Reached XP level 1. HP: 19/19 MP: 2/2
    90 | Abyss:2  | Noticed a small abomination
    90 | Abyss:2  | Noticed a smoke demon
    93 | D:1      | Escaped the Abyss
   233 | D:1      | Reached * piety under Lugonu
   235 | D:1      | Reached XP level 2. HP: 23/26 MP: 3/3
   626 | D:1      | Reached skill level 1 in Dodging
   803 | D:1      | Reached XP level 3. HP: 26/31 MP: 4/4
  1147 | D:2      | Noticed Jessica
  1153 | D:2      | Killed Jessica
  1153 | D:2      | Reached XP level 4. HP: 34/40 MP: 5/5
  1656 | D:3      | Reached ** piety under Lugonu
  1901 | D:2      | Reached XP level 5. HP: 25/46 MP: 7/7
  2732 | D:4      | Reached XP level 6. HP: 37/52 MP: 8/8
  3461 | D:5      | Entered Level 5 of the Dungeon
  3461 | D:5      | Noticed an orc warrior
  3770 | D:4      | Killed an orc warrior
  3770 | D:4      | Reached XP level 7. HP: 31/59 MP: 9/9
  4068 | D:5      | Found a blossoming altar of Fedhas.
  4082 | D:5      | Got a slimy hand axe
  4083 | D:5      | Identified the +11 hand axe "Liasur" {vamp, Str-3 Dex+4}
                  | (You found it on level 5 of the Dungeon)
  4265 | D:5      | Reached skill level 1 in Throwing
  4269 | D:5      | Found a staircase to the Ecumenical Temple.
  4641 | D:6      | Found a burning altar of Makhleb.
  4643 | D:6      | Found Xisif's Evil Emporium.
  4662 | D:6      | Reached *** piety under Lugonu
  4687 | D:6      | Found an ancient bone altar of Kikubaaqudgha.
  4756 | D:6      | Found a glowing drain.
  4765 | Sewer    | Entered a sewer
  4773 | Sewer    | Reached XP level 8. HP: 67/67 MP: 11/11
  4851 | Sewer    | Found a white marble altar of Elyvilon.
  4952 | D:6      | Noticed Prince Ribbit
  4964 | D:6      | Killed Prince Ribbit
  4964 | D:6      | Reached skill level 5 in Axes
  5281 | D:6      | Reached skill level 5 in Invocations
  5289 | D:6      | Found a glowing silver altar of Zin.
  5292 | D:6      | Found a bloodstained altar of Trog.
  5773 | D:7      | Reached **** piety under Lugonu
  5860 | D:7      | Found Ecvaumoz's Jewellery Boutique.
  5867 | D:7      | Bought an uncursed amulet of regeneration for 390 gold
                  | pieces
  6177 | D:7      | Reached XP level 9. HP: 59/73 MP: 13/13
  6935 | D:8      | Found a stormy altar of Qazlal.
  6951 | D:8      | Reached skill level 5 in Fighting
  7045 | D:8      | Identified the Compendium of Translocation and Toxins
  7079 | D:8      | Found Poumabamp's Food Boutique.
  7195 | D:8      | Reached skill level 1 in Shields
  7332 | D:8      | Found a blossoming altar of Fedhas.
  7365 | D:9      | Noticed a troll
  7381 | D:8      | Killed a troll
  7381 | D:8      | Reached skill level 5 in Armour
  7529 | D:9      | Found a staircase to the Lair.
  7586 | D:9      | Found a glowing golden altar of the Shining One.
  7679 | D:9      | Noticed a wind drake
  7681 | D:9      | Reached ***** piety under Lugonu
  7681 | D:9      | Noticed a manticore
  7681 | D:9      | a wind drake changed into a manticore
  7683 | D:9      | Noticed a troll
  7687 | D:9      | Noticed a shining eye
  7687 | D:9      | a manticore changed into a shining eye
  7693 | D:9      | Gained mutation: You are clumsy. (Dex -2) [a shining eye]
  7744 | D:8      | Killed a troll
  7744 | D:8      | Reached XP level 10. HP: 48/81 MP: 14/14
  7897 | D:9      | Noticed a shock serpent
  7897 | D:9      | a shining eye changed into a shock serpent
  7901 | D:9      | Banished a shock serpent
  8658 | Lair:1   | Entered Level 1 of the Lair of Beasts
  8658 | Lair:1   | Noticed a spiny frog
  8666 | Lair:1   | Killed a spiny frog
  9046 | Lair:1   | Reached skill level 5 in Dodging
  9111 | Lair:1   | Noticed a spiny frog
  9121 | Lair:1   | Killed a spiny frog
  9156 | Lair:1   | Noticed a spiny frog
  9165 | Lair:1   | Killed a spiny frog
  9368 | Lair:1   | Noticed a spiny frog
  9378 | Lair:1   | Killed a spiny frog
  9455 | Lair:1   | Noticed a black mamba
  9463 | Lair:1   | Killed a black mamba
  9463 | Lair:1   | Reached XP level 11. HP: 89/89 MP: 16/16
 10551 | Lair:2   | Noticed a seven-headed hydra
 10552 | Lair:2   | Banished a seven-headed hydra
 10674 | Lair:2   | Noticed a death yak
 10695 | Lair:2   | Killed a death yak
 11263 | Lair:3   | Noticed a five-headed hydra
 11265 | Lair:3   | Banished a five-headed hydra
 11636 | Lair:3   | Reached XP level 12. HP: 94/97 MP: 18/18
 12327 | Lair:4   | Reached skill level 10 in Axes
 12555 | Lair:4   | Found a staircase to the Swamp.
 12711 | Lair:4   | Found a hole to the Spider Nest.
 13221 | Lair:5   | Noticed a death yak
 13221 | Lair:5   | Noticed a death yak
 13222 | Lair:5   | Noticed a death yak
 13226 | Lair:5   | Noticed a death yak
 13244 | Lair:4   | Banished a death yak
 13364 | Lair:5   | Noticed a death yak
 13385 | Lair:4   | Killed a death yak
 13430 | Lair:5   | Noticed a death yak
 13569 | Lair:3   | Killed a death yak
 13679 | Lair:4   | Killed a death yak
 13692 | Lair:4   | Killed a death yak
 13739 | Lair:4   | Killed a death yak
 14074 | Lair:5   | Noticed a death yak
 14074 | Lair:5   | Noticed a death yak
 14075 | Lair:5   | Noticed a death yak
 14075 | Lair:5   | Noticed a death yak
 14098 | Lair:5   | Killed a death yak
 14418 | Lair:5   | Killed a death yak
 14432 | Lair:5   | Killed a death yak
 14451 | Lair:5   | Killed a death yak
 14451 | Lair:5   | Reached XP level 13. HP: 89/107 MP: 20/20
 14594 | Lair:5   | Lost mutation: You are clumsy. (Dex -2) [potion of
                  | mutation]
 14594 | Lair:5   | Gained mutation: You have a pair of small antennae on your
                  | head. [potion of mutation]
 14594 | Lair:5   | Gained mutation: Your body sometimes deteriorates upon
                  | taking damage. [potion of mutation]
 14594 | Lair:5   | Gained mutation: You are partially covered in large bone
                  | plates. (SH +4) [potion of mutation]
 14808 | Lair:5   | Identified a scroll of acquirement
 14817 | Lair:5   | Lost mutation: You are partially covered in large bone
                  | plates. (SH +4) [potion of mutation]
 14817 | Lair:5   | Lost mutation: Your body sometimes deteriorates upon taking
                  | damage. [potion of mutation]
 14817 | Lair:5   | Lost mutation: You have a pair of small antennae on your
                  | head. [potion of mutation]
 14817 | Lair:5   | Gained mutation: You can translocate small distances at
                  | will. [potion of mutation]
 14817 | Lair:5   | Gained mutation: Your flesh is heat resistant. (rF+)
                  | [potion of mutation]
 14817 | Lair:5   | Gained mutation: You are resistant to hostile enchantments.
                  | (MR+) [potion of mutation]
 15190 | Lair:6   | Entered Level 6 of the Lair of Beasts
 15440 | Lair:5   | Reached skill level 10 in Invocations
 15541 | Lair:6   | Reached ****** piety under Lugonu
 16218 | Lair:6   | Found a staircase to the Slime Pits.
 16579 | D:10     | Entered Level 10 of the Dungeon
 16980 | D:10     | Found a staircase to the Orcish Mines.
 17283 | D:10     | Got a faintly humming cloak
 17294 | D:10     | Identified the +0 cloak of Opsoheg {rCorr Str+4} (You found
                  | it on level 10 of the Dungeon)
 17355 | D:10     | Reached skill level 10 in Armour
 17710 | D:11     | Got an ancient falchion
 17735 | D:11     | Identified the +3 falchion of Woid {protect, rF+ rN+ MR+}
                  | (You found it on level 11 of the Dungeon)
 17792 | D:11     | Found a hazy altar of Hepliaklqana.
 17854 | D:11     | Noticed Sonja
 17863 | D:11     | Found Quac Qaisequ's Jewellery Shoppe.
 18011 | D:11     | Cast into level 1 of the Abyss (Sonja)
 18069 | D:11     | Escaped the Abyss
 18071 | D:11     | Killed Sonja
 18071 | D:11     | Reached XP level 14. HP: 36/116 MP: 20/22
 19028 | D:13     | Reached skill level 5 in Shields
 19204 | D:13     | Found the +2 ratskin cloak {+Rats rPois rN+ Str-1 Int-1
                  | Dex+1}
 19613 | D:13     | Found a shimmering altar of Xom.
 19848 | D:14     | Found a sacrificial altar of Ru.
 19848 | D:14     | Noticed Josephine
 19874 | D:14     | Killed Josephine
 20060 | D:14     | Found a sacrificial altar of Ru.
 20363 | D:14     | Found a gate to the Vaults.
 20581 | D:14     | Noticed Louise
 20615 | D:14     | Killed Louise
 20749 | D:14     | Reached XP level 15. HP: 97/125 MP: 24/24
 21311 | D:15     | Entered Level 15 of the Dungeon
 21859 | D:15     | Found Jaelasse's Jewellery Shop.
 22048 | D:15     | Found Ocrimnad's Antique Weapon Boutique.
 22056 | D:15     | Bought a runed hand axe for 210 gold pieces
 22181 | D:15     | Found Naocive's Food Shoppe.
 22331 | D:15     | Found a staircase to the Depths.
 22505 | Orc:1    | Entered Level 1 of the Orcish Mines
 22520 | Orc:1    | Found Ytabrouc's Magic Scroll Emporium.
 22576 | Orc:1    | Bought a scroll of brand weapon for 300 gold pieces
 22576 | Orc:1    | Bought a scroll of enchant armour for 112 gold pieces
 22679 | Orc:2    | Entered Level 2 of the Orcish Mines
 22736 | Orc:1    | Found a flagged portal.
 22767 | Bailey   | Entered a bailey
 23410 | Orc:1    | Reached skill level 10 in Fighting
 23532 | Orc:1    | Found a roughly hewn altar of Beogh.
 24291 | Orc:2    | Found a staircase to the Elven Halls.
 24341 | Orc:2    | Found Lued's Antique Weapon Shoppe.
 24341 | Orc:2    | Found Rehep's Armour Boutique.
 24620 | Orc:2    | Found Gamot's General Store.
 24620 | Orc:2    | Found Lisiud's General Store.
 24626 | Orc:2    | Bought a steaming hand axe for 272 gold pieces
 24626 | Orc:2    | Identified the +8 hand axe "Hyli Supp" {chop, +Inv MR+}
                  | (You bought it in a shop on level 2 of the Orcish Mines)
 24632 | Orc:2    | Bought a potion of mutation for 136 gold pieces
 24632 | Orc:2    | Bought a scroll of enchant weapon for 127 gold pieces
 24884 | Swamp:1  | Entered Level 1 of the Swamp
 25790 | Swamp:2  | Found a runed translucent gate.
 25790 | Swamp:2  | Found a runed translucent gate.
 25790 | Swamp:2  | Found a runed translucent gate.
 25803 | Swamp:2  | Noticed cosh's ghost (adept TrMo)
 25868 | Swamp:2  | Upgraded the game from 0.25-a0-258-g6d7e32a812 to
                  | 0.25-a0-265-g7af84ae0ac
 26351 | Swamp:2  | Paralysed by a hornet for 1 turns
 26397 | Abyss:1  | HP: 5/126 [starcursed mass/accursed screaming (8)]
 26534 | Swamp:2  | Escaped the Abyss
 26554 | Swamp:2  | Reached XP level 16. HP: 92/135 MP: 25/25
 26711 | Swamp:2  | Mangled by cosh's ghost

Levels and vault maps discovered:
D:1:      psy_arrival_fountain, layout_basic
D:2:      layout_loops_ring, first_ration, uniq_jessica
D:3:      layout_rooms, serial_park_tiny_2
D:4:      layout_cave_pools, kennysheep_pointless_box
D:5:      layout_loops_ring, minmay_temple_entry_grid, fedhas_altar_1
D:6:      layout_cave_pools, nicolae_overflow_hidden_temple,
          gup_sewer_entry_bubbles, nicolae_evil_shop, uniq_prince_ribbit1
D:7:      layout_layer_cave, serial_shops, nicolae_shop_statue_plus
D:8:      layout_basic, kennysheep_mini, nicolae_overflow_crystal_walls,
          serial_shops, shop
D:9:      layout_small_grid, nicolae_tso_carved_into_rock, lair_entry_dummy
D:10:     layout_stronghold, orc_0_dummy, hangedman_little_slice_of_home,
          minivault_27, minmay_fountain_box, minmay_misc_feat_tiny
D:11:     layout_rooms, serial_shops, shop, basic_altar, uniq_sonja
D:12:     layout_big_octagon, grunt_decor_mini_mirrors, minmay_liquid_box,
          lemuel_old_faithful
D:13:     layout_small_grid, xom_teletrap_fun
D:14:     layout_loops_cross, erik_vaults_2, basic_altar, special_room
          [special_room_orc], nicolae_ru_awakened_eye, hangedman_decor_push,
          uniq_louise, uniq_josephine
D:15:     gammafunk_enter_depths_forms, layout_loops_cross, serial_shops,
          nicolae_shop_trees, shop, shop, wad_floor_pattern_2
Lair:1:   layout_chaotic_city, grunt_megastairs_4, lemuel_fruit_fields,
          lemuel_fruit_tree, infiniplex_staircase_pool_2
Lair:2:   layout_cave_pods, minivault_11, grunt_forest_large_clearing_hut,
          infiniplex_staircase_pool
Lair:3:   layout_regular_city, serial_bayou_shore_a
Lair:4:   layout_cave_pods, minmay_swamp_entry_swarm, spider_nest_entry_webs
Lair:5:   layout_roguey, serial_rivers, chequers_serial_rivers_small_3,
          chequers_serial_rivers_room_a, chequers_serial_rivers_small_a,
          chequers_serial_rivers_micro_d, chequers_serial_rivers_small_b,
          chequers_serial_rivers_room_b, cheibrodos_lair_lostbears
Lair:6:   gammafunk_lair_ancient_temple, layout_loops_ring,
          minmay_slime_entry_oklob_open
Swamp:1:  layout_falls_marsh, evilmike_swamp_ruin_house_5
Swamp:2:  layout_basic_swamp, gammafunk_ghost_hydra_chop,
          evilmike_swamp_ruin_rubble_1
Orc:1:    cheibrodos_orc_arena, layout_caves, serial_shops, shop,
          enter_bailey_6, nicolae_orc_lost_temple
Orc:2:    grunt_orc_tribal_feast, layout_caves

Skill      XL: |  1  2  3  4  5  6  7  8  9 10 11 12 13 14 15 16 |
---------------+-------------------------------------------------+-----
Dodging        | 1 2 3 4 5 6 7 8 9 |  9.2
Axes           | 2 3 4 6 7 8 9 10 11 12 13 | 13.1
Armour         | 2 3 4 5 6 8 9 10 11 | 11.5
Invocations    | 3 4 5 6 7 8 9 10 12 13 | 13.0
Fighting       | 4 5 6 7 8 9 10 | 10.3
Throwing       | 1 |  1.0
Shields        | 1 2 3 4 5 6 |  6.4

Action                   |  1- 3 |  4- 6 |  7- 9 | 10-12 | 13-15 | 16-18 || total
-------------------------+-------+-------+-------+-------+-------+-------++-------
Melee: Hand axe          |    72 |   139 |   314 |   635 |  2005 |    10 ||  3175
       Kick              |     9 |    24 |    75 |   189 |   773 |     5 ||  1075
Throw: Boomerang         |       |     7 |       |       |       |       ||     7
Invok: Depart the Abyss  |     1 |       |       |       |     2 |       ||     3
       Banish            |       |       |       |     7 |    18 |     8 ||    33
       Bend Space        |       |       |       |     1 |     1 |       ||     2
       Enter the Abyss   |       |       |       |       |     1 |       ||     1
Evoke: Wand              |       |       |       |     1 |     5 |       ||     6
  Use: Scroll            |     4 |     3 |    11 |     3 |    22 |     1 ||    44
       Potion            |       |       |       |     2 |    12 |     1 ||    15
 Stab: Distracted        |       |       |       |       |     1 |       ||     1
  Eat: Chunk             |       |     6 |     8 |    14 |    32 |       ||    60
       Ration            |       |     1 |       |     2 |     3 |     1 ||     7
Armor: Ring mail         |    42 |    61 |       |       |       |       ||   103
       Plate armour      |       |    27 |   280 |   442 |  1353 |    10 ||  2112
Dodge: Dodged            |    35 |    75 |    18 |    44 |   295 |     6 ||   473
Block: Buckler           |       |       |     7 |       |       |       ||     7
       Shield            |       |       |    70 |   224 |   931 |    11 ||  1236

Table legend:
 A = Non-vault XP
 B = Vault XP
 C = Vault XP percentage of total XP
 D = Non-vault monster count
 E = Vault monster count
 F = Vault count percentage of total count
                 A         B        C        D         E       F
            +---------+---------+-------+---------+---------+-------
      Total |  112219 |   42811 |  27.6 |     636 |     197 |  23.6
            +---------+---------+-------+---------+---------+-------
        D:1 |      42 |       0 |   0.0 |      19 |       0 |   0.0
        D:2 |     112 |      37 |  24.8 |      20 |       1 |   4.8
        D:3 |     171 |       0 |   0.0 |      20 |       0 |   0.0
        D:4 |     379 |       0 |   0.0 |       9 |       0 |   0.0
        D:5 |     417 |       0 |   0.0 |      18 |       0 |   0.0
        D:6 |     771 |     303 |  28.2 |      16 |       6 |  27.3
        D:7 |     448 |       0 |   0.0 |      14 |       0 |   0.0
        D:8 |    2201 |       0 |   0.0 |      31 |       0 |   0.0
        D:9 |    2325 |       0 |   0.0 |      29 |       0 |   0.0
       D:10 |    3011 |     159 |   5.0 |      22 |       8 |  26.7
       D:11 |   10199 |     807 |   7.3 |      59 |       1 |   1.7
       D:12 |    4369 |       0 |   0.0 |      32 |       0 |   0.0
       D:13 |    8997 |       0 |   0.0 |      28 |       0 |   0.0
       D:14 |    8645 |   12631 |  59.4 |      25 |      37 |  59.7
       D:15 |   12627 |    3027 |  19.3 |      40 |       7 |  14.9
     Lair:1 |    5561 |     259 |   4.5 |      22 |       1 |   4.3
     Lair:2 |    4134 |    1374 |  24.9 |      20 |       3 |  13.0
     Lair:3 |    5893 |       0 |   0.0 |      26 |       0 |   0.0
     Lair:4 |    6466 |    1336 |  17.1 |      16 |       7 |  30.4
     Lair:5 |   10136 |    4224 |  29.4 |      30 |      13 |  30.2
     Lair:6 |    3112 |    6064 |  66.1 |      11 |      18 |  62.1
    Swamp:1 |    4141 |       0 |   0.0 |      20 |       0 |   0.0
    Swamp:2 |   10040 |    1475 |  12.8 |      25 |       3 |  10.7
      Orc:1 |    5090 |    2488 |  32.8 |      51 |      18 |  26.1
      Orc:2 |    2334 |    7666 |  76.7 |      31 |      30 |  49.2
    Abyss:1 |     598 |       0 |   0.0 |       2 |       0 |   0.0
      Sewer |       0 |     148 | 100.0 |       0 |      10 | 100.0
     Bailey |       0 |     813 | 100.0 |       0 |      34 | 100.0
            +---------+---------+-------+---------+---------+-------
